← All builds
Tech / Armada / Economy first / OBSERVED BUILD

Standard tech

Armada Tech (Eco) build order · Supreme Isthmus

Rushes T2 by 4:15, gets Advanced Metal Extractor around 5:28, hands off T2 constructors to Geo and the team, then scales eco and supplies the team's T2 needs through the rest of the game.

Usually first T2 con to Geo (83%)

#eco #t2 #team support · 1593 distinct matches · 254 players · 60% of Armada Tech games · team won 54% of 1902 · Recently observed

HOW TO PLAY IT

Key timing: T2 factory by 4:15

  1. Open 3 mex and heavy wind to fund a fast T2 rush.
  2. Put down Bot Lab, planning to eat it for reclaim soon after.
  3. Get Advanced Bot Lab up, hitting the T2 factory rush timing.
  4. Upgrade mex to Advanced Metal Extractor to lock in team metal income.
  5. Eat Advanced Bot Lab and keep sending cons to Geo and Pond.

Phase by phase

TYPICAL OF ITS 1593 GAMES
  1. 1
  2. 2
  3. 3
  4. 4
PLAY THE OPENING

Follow the example game's first 6:00 step by step: what to build now, what comes next, and where it goes. At 1× it keeps pace with your own game.

  1. 1

    Up to the Bot Lab

    Economy
    • Metal Extractor3Mex
    • Wind Turbine4Wind
    Order
    1. Bot LabBot Lab after 3 mex, 4 winddone ~1:18, middle half 1:13–1:32

    Some games also: energy storage (31%)

    By 1:01 in all: 3 mex · 4 wind

    The example game in this phase · 5 steps
    1. Mex ×3
    2. Wind ×4
    3. Energy storage
    4. Wind ×2
    5. Bot LabBot Labdone 1:55 · typical 1:18
  2. 2

    Bot Lab to Advanced Bot Lab

    Economy
    • Metal Extractor1Mex
    • Wind Turbine8Wind
    • Energy Storage1Energy storage
    Order
    1. Advanced Bot LabAdvanced Bot Lab after 4 mex, 12 wind, 3 con turretdone ~4:16, middle half 4:04–4:30
    Builders
    • Construction Turret3 Con turret
    • Lazarus3 Lazarus
    • Construction Bot2 Con bot
    • Construction Bot1 Con bot for allies

    Some games also: converter (36%)

    By 3:19 in all: 4 mex · 12 wind · 1 energy storage · 3 con turret

    The example game in this phase · 9 steps
    1. Wind
    2. Construction BotCon botfor Air
    3. LazarusLazarus ×2
    4. Construction BotCon bot
    5. Mex
    6. Con turret
    7. Wind
    8. Con turret ×2
    9. Advanced Bot LabAdvanced Bot Labdone 4:18 · typical 4:16
  3. 3

    Advanced Bot Lab to 5:00

    Economy
    • Wind Turbine3Wind
    Order
    1. Bot LabEat Bot Lab
    Builders
    • Advanced Construction Bot1 T2 con bot for allies

    Some games also: converter (35%)

    By 5:00 in all: 4 mex · 15 wind · 1 converter · 1 energy storage · 3 con turret

    The example game in this phase · 6 steps
    1. Construction BotCon bot
    2. Bot LabEat Bot Labreclaimed for its metal
    3. Advanced Construction BotT2 con botfor Air
    4. Wind
    5. Advanced Metal ExtractorT2 mexdone 5:09 · typical 5:29
    6. FatboyFatboyfor Ponddone 5:45
  4. 4

    5:00 to 10:00

    Economy
    • Wind Turbine43Wind
    • Energy Converter6Converter
    Builders
    • Butler9 Butler
    • Advanced Construction Bot4 T2 con bot for allies
    • Advanced Construction Bot1 T2 con bot

    Some games also: con turret (43%) · Butler for allies (37%)

    By 10:00 in all: 4 mex · 58 wind · 8 converter · 1 energy storage · 3 con turret

    The example game in this phase · 135 steps
    1. Wind ×4
    2. Advanced Construction BotT2 con botfor Air
    3. Wind
    4. Energy storage
    5. Wind ×3
    6. Advanced Metal ExtractorT2 mex
    7. Wind ×2
    8. Advanced Construction BotT2 con botfor Pond
    9. Wind ×2
    10. Advanced Metal ExtractorT2 mex
    11. Wind ×2
    12. ButlerButler
    13. Advanced Construction BotT2 con botfor Geo sea
    14. Wind ×3
    15. Advanced Construction BotT2 con bot
    16. Advanced Metal ExtractorT2 mex
    17. ButlerButler ×2
    18. Advanced Construction BotT2 con botfor Beach sea
    19. ButlerButler ×4for Geo sea
    20. ButlerButler
    21. TumbleweedRolling bomb
    22. Wind
    23. TumbleweedRolling bomb
    24. Wind
    25. Con turret
    26. Wind
    27. Con turret
    28. ButlerButler
    29. Wind
    30. Con turret
    31. ButlerButler
    32. Wind
    33. ButlerButler
    34. Wind
    35. ButlerButler
    36. Wind
    37. ButlerButler ×2
    38. Wind
    39. ButlerButler
    40. Wind ×3
    41. ButlerButler
    42. Wind ×3
    43. ButlerButler
    44. Wind ×3
    45. ButlerButler
    46. Wind
    47. UmbrellaAnti-nukedone 11:47
    48. Wind ×4
    49. Converter ×2
    50. Wind ×8
    51. Converter ×2
    52. Wind ×4
    53. Converter
    54. Wind ×2
    55. Converter
    56. Wind ×6
    57. Converter ×2
    58. Wind ×7
    59. Converter
    60. Wind
    61. Advanced Construction BotT2 con bot
    62. Wind ×4
    63. Converter
    64. Wind ×4
    65. Metal storage
    66. Wind ×3
    67. Converter
    68. Wind ×2
    69. Converter
    70. Wind ×2
    71. Fusion ReactorFusiondone 13:13
    72. Wind ×3
    73. Converter
    74. Wind ×4
    75. Converter
    76. Wind
    77. Advanced Bot LabEat Advanced Bot Labreclaimed for its metal
    78. Wind ×9
    79. Converter
    80. Wind ×2
    81. Converter
    82. Wind ×3
    83. Converter
    84. Wind
    85. Converter
    86. Wind
    87. Converter ×2
    88. Fusion ReactorFusion
    89. Wind ×2
    90. Converter
    91. Con turret
    92. Converter ×2
    93. Wind
    94. Converter ×3
    95. Con turret
    96. Wind ×2
    97. Converter ×3
    98. Wind
    99. Converter
    100. Wind
    101. Con turret
    102. Wind ×2
    103. Converter
    104. Wind
    105. Converter ×2
    106. Wind ×3
    107. Converter
    108. Wind ×4
    109. Converter
    110. Wind ×4
    111. Converter
    112. Wind ×2
    113. Converter
    114. Wind ×5
    115. Converter
    116. Wind
    117. Converter ×2
    118. Wind ×4
    119. Converter ×2
    120. Wind ×2
    121. Converter
    122. Wind ×3
    123. Converter ×3
    124. Wind ×4
    125. Converter
    126. Wind ×3
    127. Converter
    128. Wind ×2
    129. Converter
    130. Wind ×2
    131. Converter
    132. Wind
    133. Converter
    134. Wind
    135. Converter

Counts are medians over the build's games: half of them build more, half fewer. The example game is gmansawesome's (32 OS, 09/10/2026); pick another.

Team trades

IN AT LEAST 30% OF ITS GAMES

You hand over

  • Construction Bot1 Con bot to Airfirst at 2:23 · in 84% of games
  • Advanced Construction Bot5 T2 con bot to Air or Pond or Geo seafirst at 4:50 · in 99% of games
  • Butler2 Butler to Geo sea or Beach sea or Pondfirst at 9:06 · in 42% of games

You get

  • Hercules1 Light transport from Airfirst at 4:01 · in 86% of games

How it plays out

Typical game of this build, running totals by minute

Metal produced

020k40k
0:005:0010:0015:00

metal

Enemy metal destroyed

050100150
0:005:0010:0015:00

metal

Own metal lost

050100150
0:005:0010:0015:00

metal

1902 games.

Show as table
ByMetal produced: This buildEnemy metal destroyed: This buildOwn metal lost: This build
1:0038300
2:0091500
3:00165200
4:00314300
5:00484800
6:00580100
7:00723000
8:00906400
9:001117800
10:001352000
11:001624200
12:001965200
13:002343000
14:0027286074
15:0031512108130
WHAT THE NUMBERS SAY

Standard Tech play barely fights at all early, instead pouring metal into T2 infrastructure and constructors for the team.

  • + Metal produced hits 31679 by 15:00, by far the highest of any role here.
  • + T2 factory reached in 97% of games by 4:15, fastest and most reliable T2 timing.
  • − Enemy metal destroyed stays at 0 through 10:00, no early offense at all.
  • − Own metal lost also near 0, showing total avoidance of combat risk.
THE EXAMPLE YOU ARE READING

gmansawesome

32.0 OS · 09/10/2026

Open source match ↗

1 received units
2801 metal received · 69820 energy received

Allied construction assistance is unknown. Timings are observations, not a promise of solo reproducibility.

Typical milestones

Bot Lab1:18Middle 50%: 1:13–1:32 · n=1902
Advanced Bot Lab4:16Middle 50%: 4:04–4:30 · n=1895
Advanced Metal Extractor5:29Middle 50%: 5:05–5:59 · n=1898

Played most by

Amrissa96games of this buildTheGeneraI70games of this buildAdeus57games of this buildEl_Turco55games of this buildKOT_44games of this build